 Dungeon Crawl Stone Soup version 0.20-b1 (webtiles) character file.

12526 HAL9000 the Blocker (level 11, -8/60 HPs)
             Began as a Gargoyle Berserker on May 18, 2017.
             Was a High Priest of Trog.
             Mangled by a spiny frog (16 damage)
             ... on level 1 of the Lair of Beasts on May 19, 2017.
             The game lasted 00:26:08 (9872 turns).

HAL9000 the Blocker (Gargoyle Berserker)            Turns: 9872, Time: 00:26:08

Health: -8/60      AC: 21    Str: 27    XL:     11   Next: 94%
Magic:  20/20      EV:  8    Int:  7    God:    Trog [*****.]
Gold:   642        SH: 17    Dex: 10    Spells: 10/10 levels left

rFire    . . .     SeeInvis .   R - +4 scimitar (flame)
rCold    . . .     Gourm    .   v - +0 shield
rNeg     + . .     Faith    .   t - +0 chain mail
rPois    ∞         Spirit   .   z - +0 helmet
rElec    +         Reflect  +   (no cloak)
rCorr    .         Harm     .   N - +0 pair of gloves
MR       ++...                  V - +2 pair of boots of the Assassin {Detection Stab+ Stlth++}
Stlth    ..........             C - +4 amulet of reflection
Regen    1.2/turn               A - +3 ring of strength
MPRegen  0.2/turn               X - ring of magical power

@: regenerating
A: negative energy resistance 1, electricity resistance, unbreathing,
petrification resistance, rot immunity, AC +7
a: Berserk, Trog's Hand, Brothers in Arms, Burn Spellbooks, Renounce Religion


You were on level 1 of the Lair of Beasts.
You worshipped Trog.
Trog was extremely pleased with you.
You were not hungry.

You visited 2 branches of the dungeon, and saw 10 of its levels.

You collected 642 gold pieces.

Inventory:

Hand Weapons
 E - a +0 long sword
 R - a +4 scimitar of flaming (weapon)
Missiles
 g - 7 curare-tipped needles
 S - 16 tomahawks
 W - 4 javelins of penetration (quivered) {god gift}
Armour
 t - a +0 chain mail (worn)
 v - a +0 shield (worn)
 z - a +0 helmet (worn)
 N - a +0 pair of gloves (worn)
 V - the +2 pair of boots of the Assassin (worn) {Detection Stab+ Stlth++}
   (You found it on level 7 of the Dungeon)

   It makes you much more stealthy.
Jewellery
 A - a +3 ring of strength (left hand)
 C - a +4 amulet of reflection (around neck)
 X - a ring of magical power (right hand)
 Z - an uncursed amulet of regeneration
Wands
 l - a wand of flame (26/48)
 Y - a wand of disintegration (10/24)
Scrolls
 e - 4 scrolls of teleportation
 f - 2 scrolls of enchant weapon
 s - 2 scrolls of recharging {unknown}
 y - a scroll of fear {unknown}
 B - 3 scrolls of vulnerability {unknown}
 K - a scroll of enchant armour {unknown}
 M - 3 scrolls of amnesia {unknown}
 O - a scroll of brand weapon {unknown}
 T - a scroll of random uselessness {unknown}
Potions
 h - 3 potions of berserk rage
 p - 4 potions of lignification
 q - 2 potions of agility
 r - a potion of magic
 x - a potion of ambrosia {unknown}
 F - 2 potions of flight
 G - 2 potions of heal wounds
 H - 2 potions of haste
 I - 4 potions of curing
 J - a potion of resistance
 L - 2 potions of brilliance
 U - 2 potions of mutation
Books
 D - a book of Cantrips

   Spells                             Type                      Level
   a - Confusing Touch                Hexes                        1
   b - Animate Skeleton               Necromancy                   1
   c - Summon Small Mammal            Summoning                    1
   d - Apportation                    Translocation                1
   Trog disapproves of the use of such an item.
 P - a book of Callings

   Spells                             Type                      Level
   a - Summon Small Mammal            Summoning                    1
   b - Call Imp                       Summoning                    2
   c - Call Canine Familiar           Summoning                    3
   d - Summon Guardian Golem          Hexes/Summoning              3
   e - Summon Lightning Spire         Summoning/Air                4
   f - Summon Ice Beast               Ice/Summoning                4
   Trog disapproves of the use of such an item.
Comestibles
 c - 8 bread rations
 d - 9 royal jellies
 u - 6 fruits
 w - a chunk of flesh
 Q - 8 meat rations


   Skills:
 - Level 3.2 Fighting
 + Level 12.6 Long Blades
 - Level 2.1 Armour
 - Level 1.5 Dodging
 + Level 13.3 Shields


You had 10 spell levels left.
You didn't know any spells.

Dungeon Overview and Level Annotations

Branches:
Dungeon (9/15)             Temple (0/1) D:5            Lair (1/6) D:9
    Orc: D:9-12

Altars:
Ashenzari
Dithmenos
Elyvilon
Fedhas
Kikubaaqudgha
Makhleb
Nemelex Xobeh
Okawaru
Qazlal
Ru
Uskayaw
Yredelemnul
The Shining One

Annotations:
D:3 exclusion: oklob plant


Innate Abilities, Weirdness & Mutations

You are resistant to torment.
Your stone body is resilient. (AC +7)
You are immune to poison.
You resist negative energy. (rN+)
You are resistant to electric shocks. (rElec)
You can survive without breathing.
You are immune to petrification.
You are immune to rotting.


Message History

You block the spiny frog's attack.
Your ogre goes berserk!
You feel somewhat more hungry. You block the spiny frog's attack.
Your ogre closely misses the spiny frog.
Your ogre rages.
You block the spiny frog's attack.
Your ogre barely misses the komodo dragon.
The spiny frog stings you but does no damage.
Your ogre hits the komodo dragon with a giant club!!
The komodo dragon dies!
Trog accepts your kill. You block the spiny frog's attack.
You hear a screech!
Your ogre closely misses the spiny frog.
Your skin crawls.
You feel resistant to hostile enchantments.
You feel somewhat more hungry.
Your ogre rages.
The spiny frog stings you!
You die...

.......≈≈≈≈#.....................
.......†#≈#......................
........###...#.#P##.....####..##
#.#####.#....##.####.....# #.###
# #..................# ##.###
#...(##.....##.....###...## {
#....##...>.##.....##....#
#....##............###...##
#....##...@.P..............
#....#####F###.....#.#...##
#....#.###O.##......##.####
#.................†##### #
............†.........P###.
............................
.............................
.........####..###..†.........
##.####..# #.###.............


You could see a spiny frog and a friendly ogre (berserk).

Vanquished Creatures
  3 two-headed ogres
  Erica (D:8)
  The ghost of YrmMerkstave the Cleaver, a journeyman VSFi of Qazlal (Lair:1)
  An unseen horror (D:8)
  A spiny frog (Lair:1)
  A hornet (D:8)
  A slime creature (D:8)
  2 hippogriffs
  A human (D:7)
  2 hogs (D:7)
  7 yaks
  Eustachio (D:6)
  A basilisk (Lair:1)
  The ghost of PeterMcNeter the Skirmisher, an amateur HOFi of Jiyva (D:4)
  A hungry ghost (D:7)
  A wyvern (D:9)
  Grum (D:8)
  Edmund (D:6)
  A water moccasin (D:9)
  Duvessa (D:5)
  A porcupine (D:9)
  6 orc warriors
  3 sky beasts (D:8)
  3 phantoms
  2 ice beasts
  5 ogres
  3 wolves (D:8)
  3 crocodiles
  3 centaurs
  Blork the orc (D:6)
  11 bullfrogs
  Dowan (D:5)
  2 scorpions
  6 killer bees
  A crimson imp (D:8)
  2 hounds
  5 jellies
  A gnoll shaman (D:4)
  3 orc priests (D:8)
  A centaur skeleton (D:8)
  2 iguanas
  10 orc wizards
  8 worker ants
  2 hound skeletons (D:8)
  2 worker ant zombies
  15 adders
  8 gnolls
  A howler monkey skeleton (D:9)
  2 shadow imps (D:7)
  2 oozes
  An adder skeleton (D:7)
  3 worms
  7 leopard geckos
  46 orcs
  5 giant cockroaches
  5 hobgoblins
  5 jackals
  6 kobolds
  3 quokkas
  4 ball pythons
  3 bats
  7 frilled lizards
  10 goblins
  A jackal skeleton (D:8)
  A leopard gecko skeleton (D:5)
  A leopard gecko zombie (D:7)
  5 rats
  A spectral orc (D:5)
  A fungus (D:9)
260 creatures vanquished.

Vanquished Creatures (collateral kills)
  A komodo dragon (Lair:1)
1 creature vanquished.

Grand Total: 261 creatures vanquished

Notes
Turn   | Place    | Note
-------+----------+-------------------------------------------
     0 | D:1      | HAL9000 the Gargoyle Berserker began the quest for the Orb.
     0 | D:1      | Reached XP level 1. HP: 14/14 MP: 1/1
   145 | D:1      | Reached XP level 2. HP: 17/19 MP: 2/2
   453 | D:1      | You fall through a shaft!
   464 | D:2      | Reached XP level 3. HP: 22/23 MP: 3/3
   709 | D:2      | Reached ** piety under Trog
   836 | D:2      | Reached XP level 4. HP: 22/28 MP: 4/4
  1582 | D:3      | Reached skill level 5 in Long Blades
  1584 | D:3      | Reached XP level 5. HP: 32/32 MP: 5/5
  1645 | D:3      | Found an ornate altar of the Wu Jian Council.
  1923 | D:3      | Found a sacrificial altar of Ru.
  1997 | D:3      | Found a blossoming altar of Fedhas.
  2007 | D:3      | Noticed an oklob plant
  2365 | D:4      | Reached skill level 1 in Shields
  2365 | D:4      | Reached XP level 6. HP: 18/37 MP: 6/6
  2400 | D:4      | Reached skill level 2 in Shields
  2577 | D:4      | Found a stormy altar of Qazlal.
  2618 | D:4      | Found an ancient bone altar of Kikubaaqudgha.
  2632 | D:4      | Noticed PeterMcNeter's ghost (amateur HOFi)
  2652 | D:4      | Killed PeterMcNeter's ghost
  2652 | D:4      | Reached skill level 3 in Shields
  2652 | D:4      | Reached XP level 7. HP: 41/41 MP: 7/7
  2771 | D:4      | Reached skill level 4 in Shields
  2973 | D:4      | Reached *** piety under Trog
  3160 | D:4      | Found a shattered altar of Ashenzari.
  3251 | D:5      | Entered Level 5 of the Dungeon
  3295 | D:5      | Found a staircase to the Ecumenical Temple.
  3348 | D:5      | Found a basalt altar of Yredelemnul.
  3402 | D:5      | Reached skill level 5 in Shields
  3485 | D:5      | Reached XP level 8. HP: 39/46 MP: 8/8
  3666 | D:5      | Noticed Duvessa
  3667 | D:5      | Noticed Dowan
  3678 | D:5      | Killed Duvessa
  3685 | D:5      | Killed Dowan
  3947 | D:5      | Reached skill level 6 in Shields
  4139 | D:6      | Found a shattered altar of Ashenzari.
  4175 | D:6      | Noticed Blork the orc
  4190 | D:6      | Killed Blork the orc
  4358 | D:6      | Noticed Edmund
  4374 | D:6      | Killed Edmund
  4374 | D:6      | Reached skill level 7 in Shields
  4698 | D:6      | Reached XP level 9. HP: 43/51 MP: 9/9
  4768 | D:6      | Noticed Eustachio
  4778 | D:6      | Killed Eustachio
  4778 | D:6      | Reached **** piety under Trog
  5023 | D:6      | Found an iron altar of Okawaru.
  5244 | D:7      | Reached skill level 8 in Shields
  5394 | D:7      | Found a sparkling altar of Nemelex Xobeh.
  5433 | D:7      | Received a gift from Trog
  5486 | D:7      | Found a glowing golden altar of the Shining One.
  5506 | D:7      | Found a burning altar of Makhleb.
  5688 | D:7      | Upgraded the game from 0.20-a0-1127-g1289703 to 0.20-b1
  5706 | D:7      | Reached skill level 9 in Shields
  5964 | D:7      | Reached skill level 10 in Long Blades
  5964 | D:7      | Reached XP level 10. HP: 29/56 MP: 10/10
  6326 | D:7      | Reached skill level 10 in Shields
  6773 | D:8      | Noticed Erica
  6795 | D:8      | Killed Erica
  6941 | D:8      | Noticed Grum
  7009 | D:8      | Killed Grum
  7011 | D:8      | Reached skill level 11 in Shields
  7682 | D:8      | Found a runed door.
  7709 | D:8      | Noticed a two-headed ogre
  7720 | D:8      | Killed a two-headed ogre
  7752 | D:8      | Noticed a two-headed ogre
  7790 | D:8      | Killed a two-headed ogre
  7790 | D:8      | Reached XP level 11. HP: 5/60 MP: 11/11
  8145 | D:8      | Reached skill level 12 in Shields
  8182 | D:8      | Reached ***** piety under Trog
  8343 | D:8      | Killed an unseen horror
  8466 | D:8      | Found a runed door.
  8618 | D:9      | Noticed a two-headed ogre
  8625 | D:9      | Killed a two-headed ogre
  8874 | D:9      | Found a staircase to the Lair.
  9094 | D:9      | Found a shadowy altar of Dithmenos.
  9122 | D:9      | Found a hide-covered altar of Uskayaw.
  9469 | D:9      | Reached skill level 13 in Shields
  9562 | D:9      | Found a white marble altar of Elyvilon.
  9717 | Lair:1   | Entered Level 1 of the Lair of Beasts
  9720 | Lair:1   | Noticed YrmMerkstave's ghost (journeyman VSFi)
  9730 | Lair:1   | Killed YrmMerkstave's ghost
  9855 | Lair:1   | HP: 3/60 [komodo dragon (14)]
  9872 | Lair:1   | Mangled by a spiny frog

Skill      XL: |  1  2  3  4  5  6  7  8  9 10 11 |
---------------+----------------------------------+-----
Long Blades    | 3 4 5 6 7 8 10 11 12 | 12.6
Shields        | 1 3 5 7 9 11 13 | 13.3
Fighting       | |  3.2
Armour         | |  2.1
Dodging        | |  1.5

Action                   |  1- 3 |  4- 6 |  7- 9 | 10-12 || total
-------------------------+-------+-------+-------+-------++-------
Melee: Falchion          |    78 |   203 |     2 |       ||   283
       Long sword        |       |       |   411 |   427 ||   838
       Scimitar          |       |       |       |   169 ||   169
Throw: Javelin           |       |       |       |     4 ||     4
Invok: Berserk           |       |     2 |    10 |    11 ||    23
       Trog's Hand       |       |       |       |     5 ||     5
       Brothers in Arms  |       |       |       |     1 ||     1
  Use: Scroll            |       |       |    10 |     7 ||    17
       Potion            |       |       |       |     2 ||     2
 Stab: Sleeping          |     1 |       |       |       ||     1
       Distracted        |     1 |       |       |       ||     1
  Eat: Chunk             |       |     7 |    19 |    27 ||    53
       Fruit             |       |       |     3 |       ||     3
Armor: Animal skin       |    22 |     7 |       |       ||    29
       Chain mail        |       |   145 |   118 |   232 ||   495
Dodge: Dodged            |    61 |    91 |    51 |    92 ||   295
Block: Shield            |       |    67 |   279 |   454 ||   800
       Reflection        |       |       |     1 |     4 ||     5
       Rpst.: Falchion   |    18 |    25 |       |       ||    43
       Long sword        |       |       |    10 |    19 ||    29
       Scimitar          |       |       |       |     4 ||     4
